 Dungeon Crawl Stone Soup version 0.28-a0-1347-g113dc556a4 (webtiles) character file.

Game seed: 11586991077836171398

2336 wakim the Grappler (level 9, -3/82 HPs)
             Began as a Ghoul Monk on Dec 29, 2021.
             Was a Believer of Wu Jian.
             Slain by a vampire mosquito (7 damage)
             ... on level 6 of the Dungeon.
             The game lasted 00:31:47 (7093 turns).

wakim the Grappler (Ghoul Monk)                     Turns: 7093, Time: 00:31:48

Health: -3/82      AC:  9    Str: 17    XL:     9   Next: 42%
Magic:  8/8        EV: 14    Int:  5    God:    Wu Jian [**....]
Gold:   429        SH:  4    Dex: 13    Spells: 8/8 levels left

rFire   . . .      SeeInvis .     - Unarmed
rCold   + . .      Faith    .   I - +0 buckler
rNeg    + + +      Spirit   .   P - +0 scale mail
rPois   ∞          Reflect  .   Q - +2 hat
rElec   .          Harm     .   (no cloak)
rCorr   .          Rampage  .   (no gloves)
Will    +....                   M - +0 pair of boots
Stlth   +.........              (no amulet)
HPRegen 0.00/turn               e - ring of willpower
MPRegen 0.11/turn               W - +4 ring of evasion

@: inhibited regen, hasted, studying Fire Magic, very quick
A: claws 1, cold resistance 1, negative energy resistance 3, inhibited
regeneration, torment resistance 2
a: Renounce Religion, Wall Jump


You were on level 6 of the Dungeon.
You worshipped Wu Jian.
Wu Jian was pleased with you.
You visited 2 branches of the dungeon, and saw 8 of its levels.
You also visited: Ossuary.

You collected 429 gold pieces.

Inventory:

Hand Weapons
 b - a +0 hand crossbow
 c - a +3 dagger of venom
 C - a +0 hunting sling
 J - a +1 whip of pain
Missiles
 A - 74 bolts
 D - 2 boomerangs (quivered)
 E - 5 curare-tipped darts {=f}
 G - 4 silver javelins
Armour
 I - a +0 buckler (worn)
 M - a +0 pair of boots (worn)
 P - a +0 scale mail (worn)
 Q - a +2 hat (worn)
Jewellery
 e - a ring of willpower (left claw)
 R - a ring of resist corrosion
 W - a +4 ring of evasion (right claw)
Wands
 u - a wand of mindburst (32)
 v - a wand of flame (7)
 w - a wand of acid (3)
 x - a wand of charming (14)
 y - a wand of paralysis (10)
 Z - a wand of iceblast (15)
Scrolls
 r - a scroll of holy word {unknown}
 s - a scroll of amnesia
 t - a scroll of immolation {unknown}
 K - 3 scrolls of magic mapping {unknown}
 S - 2 scrolls of summoning
 T - 4 scrolls of teleportation
 X - a scroll of fog
Potions
 z - a potion of heal wounds {unknown}
 B - a potion of attraction {!q}
 F - 4 potions of curing
 H - a potion of haste
 L - 3 potions of lignification
 N - 2 potions of might
 O - a potion of flight {unknown}
 U - a potion of magic {unknown}
 V - 2 potions of resistance {unknown}
 Y - a potion of mutation {unknown}


   Skills:
 + Level 8.4 Fighting
 - Level 2.6 Dodging
 - Level 2.1 Stealth
 * Level 2.5 Shields
 + Level 11.0 Unarmed Combat


You had 8 spell levels left.
You didn't know any spells.
Your spell library contained the following spells:

 Spells                   Type           Power      Damage    Failure   Level
 Freeze                   Ice            0%         1d3       93%         1
 Frozen Ramparts          Ice            0%         1d2       100%        3
 Hailstorm                Conj/Ice       0%         3d3       100%        4


Dungeon Overview and Level Annotations

Branches:
Dungeon (7/15)             Temple (1/1) D:6         Ossuary (visited)

Altars:
Ashenzari
Cheibriados
Dithmenos
Fedhas
Gozag
Kikubaaqudgha
Makhleb
Qazlal
Ru
Sif Muna
Uskayaw
Vehumet
Wu Jian
Xom


Innate Abilities, Weirdness & Mutations

You thrive by killing the living.
You are immune to poison.
You have sharp fingernails.
Your flesh is cold resistant. (rC+)
You are immune to negative energy. (rN+++)
You do not regenerate when monsters are visible.
You are immune to unholy pain and torment.


Message History

You miss the vampire mosquito.
The vampire mosquito is moderately damaged.
The vampire mosquito bites you!
* * * LOW HITPOINT WARNING * * *
The vampire mosquito bites you.
* * * LOW HITPOINT WARNING * * *
You scratch the vampire mosquito.
The vampire mosquito is heavily damaged.
The vampire mosquito barely misses you.
You closely miss the vampire mosquito.
The vampire mosquito is heavily damaged.
The vampire mosquito bites you!
* * * LOW HITPOINT WARNING * * *
The vampire mosquito bites you but does no damage.
You feel better.
The vampire mosquito bites you but does no damage.
You block the vampire mosquito's attack.
You feel yourself speed up. The vampire mosquito bites you.
* * * LOW HITPOINT WARNING * * *
The vampire mosquito bites you but does no damage.
Things that are here:
a +0 mace; an orc corpse You block the vampire mosquito's attack.
The vampire mosquito bites you but does no damage.
The vampire mosquito barely misses you.
The vampire mosquito closely misses you.
The vampire mosquito barely misses you. The vampire mosquito bites you.
* * * LOW HITPOINT WARNING * * *
There is a stone staircase leading up here.
The vampire mosquito misses you.
You climb upwards.
There is a stone staircase leading down here.
You spin and attack the vampire mosquito repeatedly.
You scratch the vampire mosquito.
The vampire mosquito is heavily damaged.
You claw the vampire mosquito!
The vampire mosquito is almost destroyed.
The vampire mosquito misses you. The vampire mosquito bites you!
You die...

### #.#..........# ##### #
#.#######.#.## # ###..).#
#.#.# # #....#.####.#.# #
#....#.##...#.# #
#....#....#.#.# #
#....######...# #
#....####.....# #
#.........##.@# #
#....####.#.yy# #
#....######.#.# #########
#.........#.#.# #.......#
#....####.#.#######.#####.#
#....# #.#.).............#
###### #.#########.#######
#.####### #...# #.......#
###.#


You could see 2 vampire mosquitoes.

Vanquished Creatures
  A steam dragon (D:4)
  A vampire mosquito (D:7)
  Menkaure (D:5)
  A water moccasin (D:4)
  2 necrophages
  2 centaurs
  2 ogres
  A kobold brigand (D:7)
  A bullfrog (D:6)
  A wyvern zombie (D:7)
  3 scorpions
  5 water moccasin zombies
  2 howler monkeys
  A bullfrog zombie (D:5)
  2 centaur zombies (D:5)
  A jelly (D:2)
  2 hounds
  An orc priest (D:4)
  A centaur skeleton (D:4)
  Ijyb (D:4)
  4 iguanas
  An orc wizard (D:5)
  2 hound skeletons
  2 mummies (Ossuary)
  A howler monkey zombie (D:7)
  Robin (D:4)
  2 adders
  A white imp (D:7)
  An ufetubus (D:6)
  2 adder zombies (Ossuary)
  A worm (D:2)
  5 dart slugs
  4 orcs
  8 ball pythons
  3 bats
  11 endoplasms
  4 giant cockroaches
  16 goblins
  13 hobgoblins
  7 quokkas
  2 frilled lizards
  A gnoll zombie (Ossuary)
  4 hobgoblin zombies (Ossuary)
  12 kobolds
  4 kobold zombies (Ossuary)
  7 orc zombies (Ossuary)
  7 rats
158 creatures vanquished.

Vanquished Creatures (others)
  5 demonic plants (D:2)
  A plant (D:2)
6 creatures vanquished.

Grand Total: 164 creatures vanquished

Notes
Turn   | Place    | Note
-------+----------+-------------------------------------------
     0 | D:1      | wakim the Ghoul Monk began the quest for the Orb.
     0 | D:1      | Reached XP level 1. HP: 19/19 MP: 0/0
    96 | D:1      | Reached XP level 2. HP: 10/26 MP: 1/1
   221 | D:1      | Reached skill level 4 in Unarmed Combat
   232 | D:1      | !bestwep
   475 | D:1      | !bestwep
   605 | D:1      | Reached XP level 3. HP: 28/33 MP: 2/2
   825 | D:1      | !bestwep
  1146 | D:2      | !bestwep
  1499 | D:2      | Found a faded altar of an unknown god.
  1691 | D:2      | !bestwep
  1901 | D:3      | Found an opulent altar of Gozag.
  1936 | D:3      | Reached XP level 4. HP: 28/40 MP: 3/3
  2450 | D:2      | Reached skill level 5 in Unarmed Combat
  2841 | D:3      | !bestwep
  2958 | D:3      | !bestwep
  3028 | D:4      | Noticed a necrophage
  3055 | D:4      | Killed a necrophage
  3056 | D:4      | Reached skill level 6 in Unarmed Combat
  3056 | D:4      | Reached XP level 5. HP: 31/47 MP: 4/4
  3162 | D:4      | Reached XP level 6. HP: 46/55 MP: 5/5
  3380 | D:4      | Reached skill level 5 in Fighting
  3464 | D:4      | Reached skill level 7 in Unarmed Combat
  3601 | D:4      | Noticed Robin
  3631 | D:4      | Reached XP level 7. HP: 60/61 MP: 6/6
  3634 | D:4      | Killed Robin
  3972 | D:5      | Entered Level 5 of the Dungeon
  3991 | D:5      | Noticed Menkaure
  4066 | D:5      | Noticed a steam dragon
  4071 | D:4      | Reached skill level 8 in Unarmed Combat
  4326 | D:5      | Noticed Ijyb
  4352 | D:4      | Killed Ijyb
  4563 | D:5      | Reached XP level 8. HP: 71/71 MP: 7/7
  4672 | D:5      | Killed Menkaure
  4673 | D:5      | Reached skill level 9 in Unarmed Combat
  4838 | D:4      | !bestwep
  5356 | D:5      | Found a broken altar of Ashenzari.
  5577 | D:6      | Reached skill level 10 in Unarmed Combat
  5648 | D:6      | Found a staircase to the Ecumenical Temple.
  5681 | Temple   | Entered the Ecumenical Temple
  5724 | Temple   | Became a worshipper of the Wu Jian Council
  5724 | Temple   | Reached * piety under Wu Jian
  5724 | Temple   | Reached ** piety under Wu Jian
  5895 | D:6      | Reached XP level 9. HP: 74/80 MP: 8/8
  6001 | D:6      | Found an ancient bone altar of Kikubaaqudgha.
  6736 | D:7      | Found a sand-covered staircase.
  6744 | Ossuary  | Entered an ossuary
  6833 | Ossuary  | Reached skill level 1 in Shields
  6962 | D:7      | Reached skill level 11 in Unarmed Combat
  6978 | D:7      | Found a hide-covered altar of Uskayaw.
  7059 | D:7      | HP: 2/82 [vampire mosquito (8)]
  7084 | D:7      | HP: 4/82 [vampire mosquito (3)]
  7093 | D:6      | Slain by a vampire mosquito

Illustrated notes ##### #.#.####### #.†........ ### #.#........ #.# #@#.####### ####.# ###.#.####### ###....#### #...#.......# ..........# #...#.......# ..........# #............ ..........####...#.......# ..>....................... .......#########.#.....### ....##......## #.#.....# Turn 232 on D:1: !bestwep .......#.....# .............. .....$. .......#...... ...... #+####.#...... ..... .........##### #...# ...###.#########...# .....[....##.......# ...##.....##.......# ..# ...##.....##....@..# ...# #..##.....###.#....#....# #..................+..... ...###.##.###.#....#..... ......................... ...###.#....#.#......###. . .......#....#.#......###... #......#....#.#............ #......#..#..........##.. Turn 475 on D:1: !bestwep ### #.# # #.# # #.# #.# #.# #.# #.# #.###########.# #........@....# #############.# Turn 825 on D:1: !bestwep ##### ####.###### #...### #..........# ##...#.# #..........# .......# #........... ##...#.######........... ....<................... .....#.######........... ......... +........... .......### #...@....... ##.#...# #........... .......# #........... .#.....# ###....##### ........ ...... ###.#.## ..#.. ###.## Turn 1146 on D:2: !bestwep .............### # ............# # #######.........# # ................# # ................# ### ........######### #.. ........######## #.# ...............# #.# ........@......# #.. ........(......# #.# .....!....(....# #.# ........(......# #.# ............(..# ##. .######........# #. #$......(# #. #........# #P ## Turn 1691 on D:2: !bestwep .........#.......#########.#####. ######...###..#### #.# #. ######...# #..##.# #.# ## .........# #.....# #.# ##.###..#####.##.# #+# #..###..........# ##.# #..####.#..# ###.###..## #.#..# #.....##..# #.#.@# ##### .8...8.#..# #.#.(#...... .......#..###.#.r....... ..._.......##.#.(....... .......#.#.##.#...(..... .8...8.###..#.#.(....... #.....##......#...(..... ###.###....†..#...(..... ..........#..####.##### Turn 2841 on D:3: !bestwep

.# #...#
####.###.......#.......
.# #...#
#...........#..####.###
.# #...#
#...........#..####.###
.# #...#
#...........#..#.......
.# #...#
#.............>'.......
## #...#
#...........####.......
#...# #...........#
#....... ####...#
#...........# #.......
.......# #.....@.....#
#....... .<....##
#...........# #.......
......# #...........#
#....... ..:...#
#...........# #.......
......# #...........#
#....... ......#
############# ########
......# ......# ......#


Turn 2958 on D:3: !bestwep #......†.# ###.# ##### #.######.# #.# # #.# #.# #.# #
#.# #.# #.# # #.# #.# #.# # #.# #.# #.# # #.# #.# #.# # ## #.# #.#####.## #
.########.## #@>......######### ......##...###########...........
.......................########## ..........#.############ ......#.###.#
......##†>†## ......###### ......# ####### Turn 4838 on D:4: !bestwep

Levels and vault maps discovered:
D:1:      scummos_arrival_hexagon, layout_basic, minmay_misc_feat_chi
D:2:      layout_basic, shapermc_ecumenical_altar_gd
D:3:      layout_basic, grunt_gozag_statues, minmay_ruptured
D:4:      minmay_wonky_spiral, layout_loops_ring, kennysheep_generic_room_14,
          uniq_robin
D:5:      layout_rooms, cheibrodos_ashenzari_chains, minmay_manual_moon,
          uniq_ijyb, uniq_menkaure
D:6:      layout_basic, mainiacjoe_overflow_tiny_flanked,
          minmay_temple_entry_large_hall
D:7:      layout_loops_cross, nicolae_uskayaw_dance_hall,
          chequers_ossuary_entry_cave, uniq_harold, uniq_prince_ribbit1
Temple:   nicolae_temple_elliptical

Skill      XL: |  1  2  3  4  5  6  7  8  9 |
---------------+----------------------------+-----
Unarmed Combat | 4 6 7 8 10 11 | 11.0
Fighting       | 4 5 6 7 8 |  8.4
Shields        | 2 |  2.5
Dodging        | |  2.6
Stealth        | |  2.1

Action                   |  1- 3 |  4- 6 |  7- 9 || total
-------------------------+-------+-------+-------++-------
Melee: Unarmed           |   124 |    98 |   281 ||   503
       Punch             |     1 |     1 |     7 ||     9
       Dagger            |       |     8 |     2 ||    10
 Fire: Hunting sling     |     8 |    45 |    20 ||    73
       Hand crossbow     |       |       |     2 ||     2
Invok: Lunge             |       |       |     7 ||     7
       Whirlwind         |       |       |     6 ||     6
  Use: Scroll            |     2 |     2 |     7 ||    11
       Potion            |       |       |     2 ||     2
 Stab: Distracted        |     2 |       |       ||     2
       Sleeping          |     2 |     1 |       ||     3
Armor: Robe              |     5 |       |       ||     5
       Ring mail         |    10 |    34 |    40 ||    84
       Scale mail        |       |       |    44 ||    44
Dodge: Dodged            |    56 |    77 |   204 ||   337
Block: Buckler           |       |       |    12 ||    12

Table legend: (Time is in decaauts)
 A = Elapsed time spent in this place.
 B = Non-inter-level travel time spent in this place.
 C = Inter-level travel time spent in this place.
 D = Time resting spent in this place.
 E = Time spent auto-exploring this place.
 F = Levels seen in this place.
 G = Mean time per level.
                   A        B        C        D        E       F      G
               +--------+--------+--------+--------+--------+-----+--------+
         Total |   7013 |   6244 |    769 |    707 |   1668 |   9 |  779.2 |
       Dungeon |   6802 |   6033 |    769 |    707 |   1668 |   7 |  971.7 |
        Temple |     51 |     51 |      0 |      0 |      0 |   1 |   51.0 |
       Ossuary |    159 |    159 |      0 |      0 |      0 |   1 |  159.0 |
               +--------+--------+--------+--------+--------+-----+--------+

Top non-repeatable levels by time:
     D:4: 1741 daAuts
     D:1: 1075 daAuts
     D:2: 1039 daAuts
     D:3: 1024 daAuts
     D:6: 711 daAuts
     D:5: 693 daAuts
     D:7: 517 daAuts
 Ossuary: 159 daAuts
  Temple: 51 daAuts
